zoologist, lawful female human Archeologist ------ ## |....-##### --.-- |...>| # --------------- ##....| # |....| ##-.............| #|...| ----------### ----|- |.............| ##-.{.| |*(.+..@.fm## # |.............| ##|<..| |*....*..|f@# ### |.............| ####|...| |[..*..!.|## # -------------|- ## #---|- |).[%[+..|# ### # #####` # ----------# # # # # # # # ##### % ###### ##` # -.-.--------- ### # # # # # ### |...........| # ########-+-.--- # |...........| -------.--########...(..| ###|.......>...| |........|## # |..{..| #.........{..-# |........|# |.....| -------------### |........-# ---..-- # ----------# ## ###########)##[######## zoologist the Field Worker Experience level: 4 Strength: 10 Dexterity: 10 Constitution: 12 Intelligence: 18 Wisdom: 16 Charisma: 9 Health: 0(35) Energy: 23(23) Def: 6 Gold: 906 Moves: 3034 Dungeon seed: aT7F22vNxYG0VGe1 Game ID: zoologist_1526384952 Your Inventory: Coins $ - 906 gold pieces Weapons a - a +2 bullwhip Armor n - an uncursed +0 fedora (being worn) r - an uncursed +0 pair of low boots (being worn) N - an uncursed +0 elven mithril-coat (being worn) Comestibles b - 8 uncursed food rations v - an uncursed melon F - an uncursed food ration G - an uncursed carrot Scrolls K - a blessed scroll of enchant armor Potions m - an uncursed potion of fruit juice p - a blessed potion of monster detection w - an uncursed potion of see invisible A - a cursed potion of gain energy B - an uncursed potion of object detection Rings H - an uncursed ring of stealth Tools c - a corroded +0 pick-axe (weapon in hand) d - a tinning kit (0:63) f - an uncursed sack g - a magic marker (0:81) k - an uncursed tin whistle J - an uncursed lock pick Gems e - 2 uncursed worthless pieces of red glass q - an uncursed touchstone Contents of the sack: a blessed scroll of enchant weapon an uncursed scroll of enchant weapon Spells and supernatural/magical abilities: Name Level Category Fail Memory W - pray for help -- divine ? -- Your skills at the end: Fighting Skills Weapon Skills pick-axe [Basic] whip [Basic] Spellcasting Skills Final Attributes: You were piously aligned. You were stealthy. You were held by a large mimic. You were fast. You are dead. Vanquished creatures: a leprechaun a little dog a homunculus a wererat a werejackal an iguana an acid blob a hobbit 8 giant rats 2 yellow molds 2 garter snakes 2 geckos 12 jackals a fox 2 goblins 7 grid bugs a bat 2 lichens a kobold zombie 5 newts 53 creatures vanquished. Voluntary challenges: You had been an atheist until turn 2082. You used a wielded weapon 72 times, starting on turn 351. You read items or engraved 3 times, starting on turn 2352. You never genocided any monsters. You never polymorphed an object. You never changed form. You used no wishes. You never split a pudding. You never wrote Elbereth's name. You never violated your personal moral code. Dungeon overview: The Dungeons of Doom: levels 1 to 4 Level 1 a long staircase Level 2 Level 3 some fountains Level 4 <- You were here a general store, some fountains a long staircase History has recorded: On T:1 you entered the Dungeons of Doom to retrieve the Amulet of Yendor! On T:314 you reached level 2 of The Dungeons of Doom. On T:779 you reached level 3 of The Dungeons of Doom. On T:888 you advanced to experience level 2. On T:1335 you reached level 4 of The Dungeons of Doom. On T:2071 you advanced to experience level 3. On T:2690 you advanced to experience level 4. Score breakdown: Gold: 906 (10060 points) Experience: 4 levels ( 9649 points) Exploration: 4 levels ( 8.33%) ( 7579 points) Discoveries: 9 items ( 3.02%) ( 5213 points) Valuables value: (no points given unless you survive) Artifact value: 0 ( 0 points) Variety of kills: 20 monsters ( 5.25%) ( 6873 points) Turncount: 3034 turns ( -616 points) Survival: died (score multiplied by 80%) Total score: 31006 Latest messages: Azog picks up a clear potion. You cannot escape from the large mimic! (2x) The large mimic hits! You cannot escape from the large mimic! (2x) You miss the large mimic. (2x) You hit the large mimic. The large mimic hits! You miss the large mimic. You hear the chime of a cash register. You miss the large mimic. You hit the large mimic. You miss the large mimic. The large mimic hits! You hit the large mimic. (3x) Azog drops a clear potion. Azog picks up a clear potion. The large mimic hits! You cannot escape from the large mimic! The black potion misses the large mimic. A black potion shatters! You smell a peculiar odor... You cannot escape from the large mimic! (2x) The large mimic hits! You die... Final status: Goodbye zoologist the Archeologist, killed by a large mimic... You died in The Dungeons of Doom on dungeon level 4 with 31006 points, and 906 pieces of gold, after 3034 moves. You were level 4 with a maximum of 35 hit points when you died.